[ AOE2 MATCH · #475425297 ]
UnrankedFranks vs Franks
Player's team · WIN
Rival team · LOSS
[ REPLAY ANALYSIS · EXTRACTED FROM THE RECORDED GAME ]
Feudal
8:51
Castle
20:18
Imperial
—
| APM avg | 71.7 |
| APM peak | 113 |
| eAPM avg | 22.4 |
| Villagers / military | 44 / 27 |
Focus
⚔️ 27.3% · 🌾 72.7%
Spearman ×14 · Scout Cavalry ×7 · Monk ×4 · Battering Ram ×2
Feudal
9:29
Castle
18:49
Imperial
—
| APM avg | 61.8 |
| APM peak | 126 |
| eAPM avg | 35.1 |
| Villagers / military | 45 / 19 |
Focus
⚔️ 47.9% · 🌾 52.1%
Archer ×6 · Spearman ×5 · Knight ×4 · Militia ×2 · Skirmisher ×2
Match map
Initial resources + every placement click. Lines = walls · curves = elevation contours. ◆ gold · ⬟ stone · ● berries · ✦ relic · ◌ wall gap
Your base· ✓ Closed at 20:18 · 35t walls · 1 gate(s)
Kaiser Franz's base· Open — unwalled flank
Smoothed initial terrain · ◌ = detected wall gap · hover for details
Inputs per minute
— Chompiras - - Kaiser Franz
Build order — Chompiras
141 actions detected in the replay
| 0:00 | Create | Villager (Male) |
| 0:01 | Create | Villager (Male) |
| 0:02 | Build | House |
| 0:03 | Build | House |
| 0:11 | Create | Villager (Male) |
| 0:22 | Create | Villager (Male) |
| 1:24 | Create | Villager (Male) |
| 1:46 | Build | Lumber Camp |
| 1:58 | Create | Villager (Male) |
| 2:27 | Create | Villager (Male) |
| 2:49 | Create | Villager (Male) |
| 3:08 | Create | Villager (Male) |
| 3:34 | Create | Villager (Male) |
| 3:42 | Build | House |
| 4:05 | Create | Villager (Male) |
| 4:12 | Create | Villager (Male) |
| 4:16 | Build | Mill |
| 4:55 | Create | Villager (Male) |
| 5:16 | Create | Villager (Male) |
| 5:41 | Create | Villager (Male) |
| 5:56 | Research | Loom |
| 6:41 | Research | Feudal Age |
| 6:58 | Build | Barracks |
| 7:20 | Build | House |
| 7:26 | Build | House |
| 8:00 | Create | Villager (Male) |
| 8:51 | Age | Feudal Age |
| 8:52 | Build | Stable |
| 8:53 | Research | Double-Bit Axe |
| 9:06 | Build | House |
| 9:08 | Build | Palisade Wall |
| 9:10 | Create | Villager (Male) |
| 9:17 | Create | Villager (Male) |
| 9:23 | Build | Mill |
| 9:24 | Create | Villager (Male) |
| 9:32 | Create | Scout Cavalry |
| 9:44 | Create | Scout Cavalry |
| 10:06 | Build | House |
| 10:07 | Research | Town Watch |
| 10:10 | Build | Palisade Wall |
| 10:49 | Create | Villager (Male) |
| 11:08 | Create | Scout Cavalry |
| 11:27 | Create | Villager (Male) |
| 11:45 | Build | House |
| 11:47 | Build | Palisade Wall |
| 11:53 | Create | Villager (Male) |
| 11:59 | Create | Scout Cavalry |
| 12:03 | Build | Farm |
| 12:04 | Build | Farm |
| 12:06 | Build | Farm |
| 12:06 | Build | Farm |
| 12:06 | Build | Farm |
| 12:06 | Build | Farm |
| 12:08 | Build | Farm |
| 12:08 | Build | Farm |
| 12:08 | Build | Farm |
| 12:18 | Create | Villager (Male) |
| 12:38 | Build | Farm |
| 12:47 | Create | Villager (Male) |
| 12:55 | Create | Scout Cavalry |
| 13:21 | Create | Villager (Male) |
| 13:25 | Build | Farm |
| 13:30 | Build | House |
| 13:34 | Create | Scout Cavalry |
| 13:43 | Create | Villager (Male) |
| 13:52 | Build | Mining Camp |
| 13:54 | Create | Villager (Male) |
| 14:11 | Create | Scout Cavalry |
| 14:28 | Create | Villager (Male) |
| 14:36 | Build | Blacksmith |
| 14:42 | Create | Villager (Male) |
| 14:50 | Build | House |
| 15:27 | Create | Villager (Male) |
| 15:30 | Build | Farm |
| 15:47 | Research | Wheelbarrow |
| 15:52 | Build | Palisade Gate |
| 15:53 | Build | Palisade Wall |
| 16:55 | Build | Farm |
| 16:57 | Create | Villager (Male) |
| 17:24 | Build | House |
| 17:25 | Build | Palisade Wall |
| 17:38 | Research | Castle Age |
| 17:38 | Research | Castle Age |
| 18:15 | Build | Lumber Camp |
| 18:20 | Research | Scale Barding Armor |
| 18:36 | Research | Forging |
| 19:03 | Build | Barracks |
| 19:06 | Research | Scale Mail Armor |
| 19:09 | Create | Spearman |
| 19:09 | Create | Spearman |
| 19:20 | Build | House |
| 19:52 | Create | Spearman |
| 19:57 | Create | Spearman |
| 19:57 | Create | Spearman |
| 20:14 | Create | Spearman |
| 20:14 | Create | Spearman |
| 20:18 | Age | Castle Age |
| 20:21 | Research | Pikeman (upgrade) |
| 20:29 | Create | Villager (Male) |
| 20:33 | Build | Monastery |
| 20:40 | Build | Palisade Gate |
| 20:54 | Create | Villager (Male) |
| 21:05 | Create | Villager (Male) |
| 21:07 | Create | Monk |
| 21:08 | Create | Spearman |
| 21:08 | Create | Spearman |
| 21:32 | Create | Villager (Male) |
| 21:36 | Build | Siege Workshop |
| 21:37 | Create | Villager (Male) |
| 21:52 | Build | Market |
| 21:56 | Build | House |
| 21:58 | Create | Villager (Male) |
| 22:02 | Build | Farm |
| 22:05 | Create | Monk |
| 22:06 | Create | Villager (Male) |
| 22:09 | Build | Farm |
| 22:13 | Create | Villager (Male) |
| 22:31 | Research | Squires |
| 22:40 | Create | Villager (Male) |
| 22:45 | Build | Farm |
| 22:46 | Build | Farm |
| 22:56 | Create | Spearman |
| 22:56 | Create | Spearman |
| 22:59 | Build | House |
| 23:05 | Research | Sanctity |
| 23:08 | Create | Monk |
| 23:15 | Research | Chain Mail Armor |
| 23:34 | Build | House |
| 23:35 | Create | Battering Ram |
| 23:37 | Create | Spearman |
| 23:38 | Create | Spearman |
| 23:39 | Create | Villager (Male) |
| 23:43 | Build | House |
| 23:58 | Create | Monk |
| 24:00 | Build | House |
| 24:03 | Create | Villager (Male) |
| 24:26 | Create | Spearman |
| 24:33 | Create | Battering Ram |
| 24:38 | Build | House |
| 24:38 | Create | Villager (Male) |
| 24:59 | Create | Villager (Male) |
Build order — Kaiser Franz
145 actions detected in the replay
| 0:00 | Create | Villager (Male) |
| 0:01 | Build | House |
| 0:02 | Build | House |
| 0:03 | Create | Villager (Male) |
| 0:04 | Create | Villager (Male) |
| 0:06 | Create | Villager (Male) |
| 1:26 | Create | Villager (Male) |
| 1:50 | Build | Lumber Camp |
| 2:01 | Create | Villager (Male) |
| 2:32 | Create | Villager (Male) |
| 2:58 | Create | Villager (Male) |
| 3:10 | Create | Villager (Male) |
| 3:18 | Build | House |
| 3:40 | Create | Villager (Male) |
| 4:12 | Create | Villager (Male) |
| 4:36 | Create | Villager (Male) |
| 4:36 | Create | Villager (Male) |
| 5:25 | Create | Villager (Male) |
| 5:46 | Build | House |
| 5:49 | Create | Villager (Male) |
| 6:09 | Build | Barracks |
| 6:19 | Create | Villager (Male) |
| 6:20 | Create | Villager (Male) |
| 6:58 | Research | Loom |
| 7:19 | Research | Feudal Age |
| 7:36 | Create | Militia |
| 7:52 | Build | Mining Camp |
| 7:58 | Create | Militia |
| 8:31 | Build | Mill |
| 9:00 | Build | Palisade Wall |
| 9:12 | Build | Farm |
| 9:22 | Create | Villager (Male) |
| 9:29 | Age | Feudal Age |
| 9:29 | Research | Man-at-Arms (upgrade) |
| 10:03 | Create | Villager (Male) |
| 10:08 | Create | Villager (Male) |
| 10:52 | Create | Villager (Male) |
| 10:53 | Create | Spearman |
| 10:54 | Create | Spearman |
| 10:56 | Build | Farm |
| 10:58 | Build | Farm |
| 10:59 | Build | Farm |
| 11:01 | Build | Farm |
| 11:05 | Build | Farm |
| 11:07 | Build | Farm |
| 11:21 | Research | Loom |
| 11:28 | Build | House |
| 11:31 | Build | Palisade Wall |
| 11:34 | Build | Palisade Wall |
| 11:55 | Create | Villager (Male) |
| 11:58 | Build | Farm |
| 12:07 | Build | Palisade Gate |
| 12:18 | Create | Villager (Male) |
| 12:22 | Build | Farm |
| 12:36 | Build | Palisade Wall |
| 12:47 | Create | Villager (Male) |
| 12:53 | Build | Farm |
| 13:08 | Create | Villager (Male) |
| 13:14 | Research | Double-Bit Axe |
| 13:19 | Create | Villager (Male) |
| 13:48 | Create | Villager (Male) |
| 13:56 | Build | Market |
| 14:10 | Build | House |
| 14:44 | Build | Blacksmith |
| 14:54 | Create | Villager (Male) |
| 15:05 | Create | Spearman |
| 15:05 | Create | Spearman |
| 15:27 | Build | House |
| 15:31 | Build | Palisade Wall |
| 15:32 | Build | Palisade Wall |
| 15:34 | Research | Scale Mail Armor |
| 15:34 | Research | Scale Mail Armor |
| 15:35 | Create | Spearman |
| 15:36 | Create | Villager (Male) |
| 15:45 | Build | Palisade Wall |
| 15:51 | Build | Palisade Wall |
| 15:52 | Build | Palisade Wall |
| 15:53 | Build | Palisade Wall |
| 15:54 | Build | Palisade Wall |
| 16:01 | Create | Villager (Male) |
| 16:09 | Research | Castle Age |
| 16:09 | Research | Castle Age |
| 17:21 | Build | Stable |
| 17:26 | Build | Stable |
| 17:34 | Create | Villager (Male) |
| 17:54 | Build | House |
| 18:11 | Build | Farm |
| 18:16 | Research | Forging |
| 18:16 | Research | Forging |
| 18:38 | Create | Villager (Male) |
| 18:49 | Age | Castle Age |
| 18:52 | Create | Knight |
| 18:52 | Create | Knight |
| 18:53 | Create | Knight |
| 19:06 | Build | Palisade Wall |
| 19:22 | Build | Farm |
| 19:24 | Create | Villager (Male) |
| 19:29 | Build | Town Center |
| 19:46 | Build | House |
| 19:51 | Build | Palisade Wall |
| 19:52 | Build | Palisade Wall |
| 19:54 | Build | Palisade Wall |
| 19:56 | Build | Palisade Wall |
| 20:00 | Build | Palisade Wall |
| 20:07 | Create | Villager (Male) |
| 20:10 | Build | Town Center |
| 20:31 | Create | Villager (Male) |
| 20:34 | Build | Palisade Wall |
| 20:35 | Build | Palisade Wall |
| 21:00 | Create | Villager (Male) |
| 21:15 | Build | Siege Workshop |
| 21:18 | Build | Monastery |
| 21:31 | Create | Knight |
| 21:46 | Build | Archery Range |
| 21:47 | Build | Archery Range |
| 21:54 | Research | Fletching |
| 21:59 | Create | Villager (Male) |
| 22:27 | Create | Villager (Male) |
| 22:35 | Create | Villager (Male) |
| 22:41 | Build | Farm |
| 22:43 | Build | Farm |
| 22:47 | Create | Archer |
| 22:47 | Create | Archer |
| 22:47 | Create | Archer |
| 22:53 | Build | Mining Camp |
| 23:05 | Create | Villager (Male) |
| 23:17 | Create | Villager (Male) |
| 23:18 | Create | Villager (Male) |
| 23:19 | Build | Farm |
| 23:21 | Build | Farm |
| 23:21 | Build | Farm |
| 23:22 | Build | Farm |
| 23:25 | Build | House |
| 23:28 | Create | Villager (Male) |
| 23:38 | Create | Archer |
| 23:53 | Create | Villager (Male) |
| 23:53 | Create | Villager (Male) |
| 23:55 | Build | Monastery |
| 23:59 | Build | House |
| 24:02 | Build | Monastery |
| 24:17 | Create | Skirmisher |
| 24:17 | Create | Skirmisher |
| 24:33 | Create | Archer |
| 24:33 | Create | Archer |
| 24:38 | Research | Bodkin Arrow |
Match timeline
| 6:09 | Kaiser Franz · first_building Barracks |
| 6:58 | Chompiras · first_building Barracks |
| 8:51 | Chompiras · age_up feudal |
| 8:52 | Chompiras · first_building Stable |
| 9:00 | Kaiser Franz · wall_segment Palisade Wall x1 |
| 9:08 | Chompiras · wall_segment Palisade Wall x15 |
| 9:29 | Kaiser Franz · age_up feudal |
| 10:10 | Chompiras · wall_segment Palisade Wall x1 |
| 11:31 | Kaiser Franz · wall_segment Palisade Wall x1 |
| 11:34 | Kaiser Franz · wall_segment Palisade Wall x1 |
| 11:47 | Chompiras · wall_segment Palisade Wall x5 |
| 12:36 | Kaiser Franz · wall_segment Palisade Wall x1 |
| 15:31 | Kaiser Franz · wall_segment Palisade Wall x1 |
| 15:32 | Kaiser Franz · wall_segment Palisade Wall x1 |
| 15:45 | Kaiser Franz · wall_segment Palisade Wall x1 |
| 15:51 | Kaiser Franz · wall_segment Palisade Wall x1 |
| 15:52 | Kaiser Franz · wall_segment Palisade Wall x1 |
| 15:53 | Chompiras · wall_segment Palisade Wall x1 |
| 15:53 | Kaiser Franz · wall_segment Palisade Wall x1 |
| 15:54 | Kaiser Franz · wall_segment Palisade Wall x1 |
| 17:21 | Kaiser Franz · first_building Stable |
| 17:25 | Chompiras · wall_segment Palisade Wall x13 |
| 18:49 | Kaiser Franz · age_up castle |
| 19:06 | Kaiser Franz · wall_segment Palisade Wall x1 |
| 19:51 | Kaiser Franz · wall_segment Palisade Wall x1 |
| 19:52 | Kaiser Franz · wall_segment Palisade Wall x1 |
| 19:54 | Kaiser Franz · wall_segment Palisade Wall x1 |
| 19:56 | Kaiser Franz · wall_segment Palisade Wall x1 |
| 20:00 | Kaiser Franz · wall_segment Palisade Wall x1 |
| 20:18 | Chompiras · age_up castle |
| 20:33 | Chompiras · first_building Monastery |
| 20:34 | Kaiser Franz · wall_segment Palisade Wall x1 |
| 20:35 | Kaiser Franz · wall_segment Palisade Wall x1 |
| 21:15 | Kaiser Franz · first_building Siege Workshop |
| 21:18 | Kaiser Franz · first_building Monastery |
| 21:36 | Chompiras · first_building Siege Workshop |
| 21:46 | Kaiser Franz · first_building Archery Range |
| 21:53 | Kaiser Franz · first_market_buy 100 food |
| 22:52 | Chompiras · first_market_buy 100 food |
| 25:03 | Kaiser Franz · resign |
[ AI ANALYSIS · 1 CREDIT ]
What really happened in this match?
Wolo.gg analyzes every decision: build order, eco, micro, common mistakes by bracket. Personalized analysis on WhatsApp or Discord in 30 seconds.
Civ guide
Franks
Perfil
Jugador #4640208